 Zot Defence DCSS version 0.15.2 (webtiles) character file.

525 timeclock555 the Poker (level 7, 0/2 (57) HPs)
             Began as a White Draconian Gladiator on May 18, 2018.
             Rotted away (an ooze)
             ... in the Realm of Zot (Scenario I: Hall of Zot).
             The game lasted 00:05:27 (446 turns).

timeclock555 the Poker (White Draconian Gladiator)   Turns: 446, Time: 00:05:27

HP   0/2 (57)    AC  6     Str 19      XL: 7   Next:  2%
MP   7/7         EV 13     Int  9      God:
Gold 0           SH  0     Dex 11      Spells:  0 memorised,  6 levels left

rFire  . . .     SeeInvis .     a - +0 trident
rCold  + . .     Clarity  .     (armour unavailable)
rNeg   . . .     rCorr    .     (no shield)
rPois  .         rRot     .     c - +0 hat
rElec  .         Spirit   .     (no cloak)
SustAb .         Warding  .     (no gloves)
rMut   .         Stasis   .     (no boots)
Gourm  .                        (no amulet)
MR     .....                    (no ring)
                                (no ring)

@: not resistant to hostile enchantments, very unstealthy
A: breathe frost, unfitting armour, cold resistance 1, cold-blooded, AC +6
a: Make oklob sapling, Make arrow trap, Make plant, Remove Curse, Make burning
bush, Make altar, Make grenades, Make oklob plant, Breathe Frost


You were in the Realm of Zot.
You were not hungry.

You visited 1 branch

Inventory:

Hand weapons
 a - a +0 trident (weapon)
 b - a +0 club
 l - a +0 short sword
 m - a +0 short sword
 n - a +0 club
Missiles
 d - 3 throwing nets (quivered)
 o - 3 stones
Armour
 c - a +0 hat (worn)
Comestibles
 f - a bread ration
Scrolls
 k - a scroll of blinking
Potions
 e - 3 potions of curing
 g - a potion of heal wounds
 h - a potion of haste
 i - 2 potions of magic
 j - a potion of berserk rage


   Skills:
 + Level 3.5 Fighting
 + Level 5.8 Polearms
 + Level 2.7 Throwing
 + Level 4.6 Dodging


You had 6 spell levels left.
You didn't know any spells.

Dungeon Overview and Level Annotations

Branches:
    Zot (1/1)

Altars:


Innate Abilities, Weirdness & Mutations

You can breathe waves of freezing cold.
You can buffet flying creatures when you breathe cold.
Your icy white scales are hard (AC +6).
Your body does not fit into most forms of armour.
Your flesh is cold resistant.
Your cold-blooded metabolism reacts poorly to cold.


Message History

You hit the rat.
Your flesh rots away as the Orb of Zot is desecrated. x2
The rat is moderately wounded.
Your flesh rots away as the Orb of Zot is desecrated. x3
You closely miss the rat.
Your flesh rots away as the Orb of Zot is desecrated.
The rat is moderately wounded.
Your flesh rots away as the Orb of Zot is desecrated. x3
Unknown command.
Your flesh rots away as the Orb of Zot is desecrated.
You hit the rat.
You kill the rat!
Your flesh rots away as the Orb of Zot is desecrated.
You barely miss the ooze.
Your flesh rots away as the Orb of Zot is desecrated. x2
Your flesh rots away as the Orb of Zot is desecrated.
You puncture the ooze!
Your flesh rots away as the Orb of Zot is desecrated. x2
Ouch! That really hurt!
You die...

########## ######## .....####
####... ........### ###......
..........## ##...r....
...........# ▓▓▓▓▓▓▓▓▓ #...r.....
...........▓▓▓.......▓▓▓.........
...........▓▓.........▓▓.........
...........▓...........▓.........
..............%%@J.J.............
...........▓.......W...▓.........
...........▓▓.........▓▓.........
...........▓▓▓.......▓▓▓.........
...........▓ ▓▓▓▓▓▓▓▓▓ ▓.........
..........▓▓ ▓▓........
........▓▓▓ ▓▓▓...... .....▓▓▓▓
▓▓▓▓... ▓▓▓▓▓▓▓▓▓ ▓▓▓▓▓▓▓


You could see Apantiapt the hungry ghost and 2 oozes.

Vanquished Creatures
  A slime creature (Zot)
  2 oozes (Zot)
  A ball python (Zot)
  3 bats (Zot)
  3 giant cockroaches (Zot)
  5 goblins (Zot)
  3 kobolds (Zot)
  2 giant newts (Zot)
  10 rats (Zot)
30 creatures vanquished.

Notes
Turn   | Place    | Note
--------------------------------------------------------------
     0 | Zot      | timeclock555, the Draconian Gladiator, began the quest for the Orb.
     0 | Zot      | Reached XP level 1. HP: 17/17 MP: 1/1
   202 | Zot      | Reached XP level 2. HP: 23/25 MP: 2/2
   208 | Zot      | Noticed Ipleu
   247 | Zot      | Killed Ipleu the slime creature
   247 | Zot      | Reached skill level 5 in Polearms
   248 | Zot      | Reached XP level 3. HP: 29/31 MP: 3/3
   248 | Zot      | Reached XP level 4. HP: 35/38 MP: 4/4
   248 | Zot      | Reached XP level 5. HP: 41/45 MP: 5/5
   248 | Zot      | Reached XP level 6. HP: 46/51 MP: 6/6
   408 | Zot      | Your scales start taking on an icy white colour.
   408 | Zot      | Gained mutation: Your flesh is cold resistant. [draconian maturity]
   408 | Zot      | Reached XP level 7. HP: 40/40 MP: 7/7
   441 | Zot      | Noticed Apantiapt
   446 | Zot      | Rotted away (an ooze)

Action                   |  1- 3 |  4- 6 |  7- 9 || total
-------------------------+-------+-------+-------++-------
Melee: Trident           |    37 |    42 |    20 ||    99
